 Dungeon Crawl Stone Soup version 0.19.3-1-g3169bf9 (webtiles) character file.

6150 Naow the Jinx (level 10, -3/44 HPs)
             Began as a Spriggan Enchanter on Jan 23, 2017.
             Was an Initiate of Ashenzari.
             Slain by Erica
             ... wielding a +1 scimitar of flaming
              (8 damage)
             ... on level 9 of the Dungeon.
             The game lasted 00:30:30 (13519 turns).

Naow the Jinx (Spriggan Enchanter)                 Turns: 13519, Time: 00:30:30

Health: -3/44      AC:  3    Str:  5    XL:     10   Next: 59%
Magic:  13/23      EV: 18    Int: 18    God:    Ashenzari [......]
Gold:   367        SH:  0    Dex: 18    Spells: 4 memorised, 15 levels left

rFire  . . .     SeeInvis +     L - +0 dagger (speed)
rCold  . . .     Gourm    .     b - +1 robe
rNeg   + . .     Faith    .     (shield restricted)
rPois  .         Spirit   .     (helmet restricted)
rElec  .         Reflect  .     (no cloak)
rCorr  .         Harm     .     (gloves unavailable)
MR     +....                    (boots unavailable)
Stlth  +++++.....               F - amulet of regeneration (curse)
                                (no ring)
                                y - ring of positive energy

@: lethally poisoned (-3 -> -4), very quick
A: unfitting armour, see invisible, herbivore 3, speed 3, slow metabolism 2
a: Curse Item, Renounce Religion


You were on level 9 of the Dungeon.
You worshipped Ashenzari.
Ashenzari was noncommittal.
You were very hungry.

You visited 2 branches of the dungeon, and saw 10 of its levels.

You collected 409 gold pieces.
You spent 42 gold pieces at shops.

Inventory:

Hand Weapons
 a - a +2 dagger
 L - a +0 dagger of speed (weapon)
Armour
 b - a +1 robe (worn)
 q - a +0 buckler
Jewellery
 y - a ring of positive energy (left hand)
 F - a cursed amulet of regeneration (around neck)
Wands
 l - a wand of flame (27/48)
 p - a wand of random effects (28/48)
 v - a wand of slowing (41/48)
 E - a wand of flame (20/48)
 G - a wand of flame (31/48)
 H - a wand of iceblast (6/15)
Scrolls
 e - 2 scrolls of identify
 g - 2 scrolls of enchant weapon
 i - 6 scrolls of amnesia
 o - 3 scrolls of remove curse
 t - 3 scrolls of teleportation
 C - a scroll of magic mapping
Potions
 h - 3 potions of curing
 j - a potion of resistance
 k - 4 potions of heal wounds
 n - a potion of might {unknown}
 r - 5 potions of flight
 s - 3 potions of lignification
 u - a potion of beneficial mutation {unknown}
 w - a potion of ambrosia {unknown}
 z - 2 potions of agility {unknown}
 D - 2 potions of invisibility {unknown}
 I - a potion of cure mutation {unknown}
Books
 c - a book of Maledictions

   Spells                             Type                      Level
   a - Corona                         Hexes                        1
   b - Ensorcelled Hibernation        Hexes/Ice                    2
   c - Confuse                        Hexes                        3
   d - Tukima's Dance                 Hexes                        3
   e - Dazzling Spray                 Conjuration/Hexes            3
 f - a book of Frost

   Spells                             Type                      Level
   a - Freeze                         Ice                          1
   b - Throw Frost                    Conjuration/Ice              2
   c - Ozocubu's Armour               Charms/Ice                   3
   d - Throw Icicle                   Conjuration/Ice              4
   e - Summon Ice Beast               Ice/Summoning                4
 B - a book of Power

   Spells                             Type                      Level
   a - Fulminant Prism                Conjuration/Hexes            4
   b - Iskenderun's Mystic Blast      Conjuration                  4
   c - Venom Bolt                     Conjuration/Poison           5
   d - Bolt of Magma                  Conjuration/Fire/Earth       5
   e - Iron Shot                      Conjuration/Earth            6
   f - Orb of Destruction             Conjuration                  7
   g - Spellforged Servitor           Conjuration/Summoning        7
Comestibles
 d - 7 bread rations
 m - a royal jelly
 J - 12 fruits
 K - 6 slices of pizza


   Skills:
 + Level 9.9 Short Blades
 - Level 3.0 Dodging
 * Level 11.0 Stealth
 * Level 1.2 Shields
 - Level 8.0 Spellcasting
 + Level 0.7 Conjurations
 - Level 11.4 Hexes
 + Level 1.1 Ice Magic


You had 15 spell levels left.
You knew the following spells:

 Your Spells              Type           Power        Failure   Level  Hunger
a - Corona                Hex            #####..      1%          1    None
b - Ensorcelled Hibernat  Hex/Ice        ####..       1%          2    None
c - Confuse               Hex            #####...     1%          3    #......
d - Throw Icicle          Conj/Ice       ##......     78%         4    ###....


Dungeon Overview and Level Annotations

Branches:
Dungeon (9/15)             Temple (1/1) D:5            Lair (0/6) D:8
    Orc: D:9-12

Altars:
Ashenzari
Cheibriados
Dithmenos
Elyvilon
Fedhas
Hepliaklqana
Kikubaaqudgha
Makhleb
Okawaru
Qazlal
Ru
Sif Muna
Trog
Vehumet
Xom
Yredelemnul
The Shining One

Shops:
D:4 =   D:5 ?!:(   D:6 *   D:8 *

Annotations:
D:7 Joseph
D:9 Erica


Innate Abilities, Weirdness & Mutations

You are very small and have problems with some larger weapons.
You are too small for most types of armour.
You have supernaturally acute eyesight. (SInv)
You are a herbivore.
You cover ground extremely quickly.
You need consume almost no food.


Message History

Aim: Erica, wielding a scimitar of flaming and wearing an embroidered robe (chance to defeat MR: 24%) Erica resists with almost no effort.
You feel sick.
Erica hits you with a scimitar of flaming!
* * * LOW HITPOINT WARNING * * *
Erica burns you.
* * * LOW HITPOINT WARNING * * *
Casting: Ensorcelled Hibernation
Confirm with . or Enter, or press ? or * to list all spells.
Aiming: Ensorcelled Hibernation
Press: ? - help, Shift-Dir - straight line, f/p - Erica
Aim: Erica, wielding a scimitar of flaming and wearing an embroidered robe (chance to defeat MR: 24%) Erica resists with almost no effort.
You feel sick. Erica barely misses you.
Casting: Ensorcelled Hibernation
Confirm with . or Enter, or press ? or * to list all spells.
Aiming: Ensorcelled Hibernation
Press: ? - help, Shift-Dir - straight line, f/p - Erica
Aim: Erica, wielding a scimitar of flaming and wearing an embroidered robe (chance to defeat MR: 24%) Erica resists with almost no effort.
You feel sick.
Erica hits you with a scimitar of flaming!
You die...

#..# #. #..# #..
#..#####
##..#############.......
........................
...........[.†.........#
........).[..########..#
...?.........##### #..#
......@@........... ....
.................$......
###...##########.######.
#... # . #.. . .... ....
####


You could see Erica.

Vanquished Creatures
  A hydra (D:8)
  The ghost of Lahna the Basher, a novice GrBe of Trog (D:6)
  A komodo dragon (D:8)
  A two-headed ogre (D:8)
  2 dream sheep (D:8)
  Sigmund (D:4)
  2 yaks (D:8)
  A steam dragon (D:5)
  2 hungry ghosts
  Duvessa (D:7)
  A water moccasin (D:7)
  An ice beast (D:7)
  2 orc warriors
  A sky beast (D:9)
  2 phantoms
  2 ogres (D:7)
  A centaur (D:8)
  A crocodile (D:7)
  4 big kobolds (D:8)
  2 bullfrogs
  Dowan (D:7)
  A wyvern skeleton (D:8)
  A scorpion (D:5)
  9 killer bees (D:8)
  A howler monkey (D:6)
  4 crimson imps
  A centaur zombie (D:5)
  3 hounds
  A bullfrog zombie (D:8)
  A quasit (D:8)
  3 orc priests
  3 jellies
  3 bullfrog skeletons
  A centaur skeleton (D:4)
  2 iguanas
  7 worker ants
  5 orc wizards
  2 hound zombies
  A hound skeleton (D:8)
  A howler monkey skeleton (D:5)
  7 adders
  7 gnolls
  A river rat (D:3)
  2 shadow imps
  An ooze (D:1)
  4 worms
  13 dart slugs
  4 leopard geckos
  17 orcs
  7 bats
  4 giant cockroaches
  6 goblins
  6 hobgoblins
  17 jackals
  4 quokkas
  2 ball pythons
  6 frilled lizards
  12 kobolds
  A quokka skeleton (D:4)
  13 rats
215 creatures vanquished.

Vanquished Creatures (others)
  2 fungi (D:7)
  29 plants
31 creatures vanquished.

Grand Total: 246 creatures vanquished

Notes
Turn   | Place    | Note
-------+----------+-------------------------------------------
     0 | D:1      | Naow the Spriggan Enchanter began the quest for the Orb.
     0 | D:1      | Reached XP level 1. HP: 9/9 MP: 5/5
   125 | D:1      | Reached XP level 2. HP: 9/13 MP: 6/6
   129 | D:1      | Learned a level 2 spell: Ensorcelled Hibernation
   682 | D:1      | Reached XP level 3. HP: 9/16 MP: 1/8
  1854 | D:2      | Reached XP level 4. HP: 21/21 MP: 9/9
  2790 | D:3      | Reached skill level 5 in Hexes
  3366 | D:3      | Reached XP level 5. HP: 24/24 MP: 11/11
  3411 | D:3      | Reached skill level 5 in Stealth
  4291 | D:4      | Found Benargh's Jewellery Boutique.
  4328 | D:4      | Noticed a phantom
  4380 | D:4      | Learned a level 3 spell: Confuse
  4663 | D:4      | Noticed Sigmund
  4672 | D:4      | Killed Sigmund
  4672 | D:4      | Reached XP level 6. HP: 15/28 MP: 3/13
  5787 | D:5      | Entered Level 5 of the Dungeon
  5796 | D:5      | Found a bloodstained altar of Trog.
  5852 | D:5      | Reached XP level 7. HP: 18/32 MP: 11/14
  6119 | D:5      | Found a staircase to the Ecumenical Temple.
  6365 | Temple   | Entered the Ecumenical Temple
  6559 | Temple   | Became a worshipper of Ashenzari the Shackled
  6609 | D:5      | Reached skill level 5 in Short Blades
  6808 | D:5      | Found Ciczeu's Distillery.
  6924 | D:5      | Found Wusaewomma's Book Boutique.
  6976 | D:5      | Noticed a steam dragon
  7330 | D:5      | Found Cyzxue's Antique Weapon Emporium.
  7403 | D:5      | Killed a steam dragon
  7403 | D:5      | Reached skill level 5 in Spellcasting
  7503 | D:5      | Found Kiov's Magic Scroll Boutique.
  7509 | D:5      | Bought a scroll of teleportation for 42 gold pieces
  7841 | D:5      | Reached XP level 8. HP: 19/36 MP: 11/16
  8027 | D:6      | Noticed Lahna's ghost (novice GrBe)
  8638 | D:6      | Killed Lahna's ghost
  9155 | D:6      | Found a sacrificial altar of Ru.
  9199 | D:6      | Found Weiraqam's General Store.
  9361 | D:7      | Noticed Joseph
  9686 | D:7      | Noticed Dowan
  9690 | D:7      | Noticed Duvessa
  9693 | D:7      | Killed Duvessa
  9699 | D:7      | Killed Dowan
  9872 | D:7      | Reached XP level 9. HP: 24/39 MP: 12/19
 10006 | D:7      | Found a shattered altar of Ashenzari.
 10010 | D:7      | Saw a vision of the Swamp and the Spider Nest.
 10010 | D:7      | Noticed a wolf spider
 10010 | D:7      | Noticed a wolf spider
 10010 | D:7      | Noticed an alligator
 10013 | D:7      | Noticed an alligator
 10054 | D:7      | Found a white marble altar of Elyvilon.
 10357 | D:7      | Found a burning altar of Makhleb.
 10364 | D:7      | Found an iron altar of Okawaru.
 10531 | D:8      | Found a shadowy altar of Dithmenos.
 10961 | D:7      | HP: 1/39 [orc/flail (7)]
 11785 | D:8      | Reached skill level 10 in Hexes
 12524 | D:8      | Reached XP level 10. HP: 19/44 MP: 12/22
 12602 | D:8      | Noticed a two-headed hydra
 12607 | D:8      | Killed a two-headed hydra
 12607 | D:8      | Reached skill level 10 in Stealth
 12714 | D:8      | Found Vutrus's Changing Room.
 13173 | D:8      | Learned a level 4 spell: Throw Icicle
 13327 | D:8      | Reached skill level 1 in Shields
 13330 | D:8      | Reached skill level 1 in Ice Magic
 13393 | D:8      | Found a staircase to the Lair.
 13508 | D:9      | Noticed Erica
 13519 | D:9      | Slain by Erica

Skill      XL: |  1  2  3  4  5  6  7  8  9 10 |
---------------+-------------------------------+-----
Hexes          | 4 5 6 7 9 10 11 | 11.4
Spellcasting   | 3 4 5 6 7 8 |  8.0
Short Blades   | 2 3 4 5 7 9 |  9.9
Stealth        | 5 6 7 8 9 11 | 11.0
Shields        | 1 |  1.2
Ice Magic      | 1 |  1.1
Dodging        | |  3.0
Conjurations   | |  0.7

Action                   |  1- 3 |  4- 6 |  7- 9 | 10-12 || total
-------------------------+-------+-------+-------+-------++-------
Melee: Dagger            |   159 |   240 |   366 |    35 ||   800
 Cast: Ensorcelled Hiber |    12 |    28 |   103 |    43 ||   186
       Confuse           |       |     2 |    20 |     2 ||    24
Invok: Curse Item        |       |       |       |     1 ||     1
  Use: Scroll            |       |     6 |     6 |     2 ||    14
       Potion            |       |       |     3 |       ||     3
 Stab: Sleeping          |    15 |    28 |    67 |    24 ||   134
       Confused          |       |     2 |    17 |     1 ||    20
       Distracted        |       |       |     1 |     1 ||     2
  Eat: Bread ration      |       |     1 |     1 |       ||     2
       Royal jelly       |       |       |     1 |       ||     1
Armor: Robe              |    25 |    18 |    28 |     2 ||    73
Dodge: Dodged            |   122 |   166 |   252 |    25 ||   565
